 Dungeon Crawl Stone Soup version 0.23.2-30-g0e89c35649 (webtiles) character file.

Game seed: 3692891606991364168

334 TrebMcFLY the Chopper (level 6, 0/55 HPs)
             Began as a Hill Orc Fighter on June 20, 2019.
             Slain by Menkaure (16 damage)
             ... on level 4 of the Dungeon.
             The game lasted 00:06:57 (3515 turns).

TrebMcFLY the Chopper (Hill Orc Fighter)            Turns: 3515, Time: 00:06:58

Health: 0/55       AC:  8    Str: 21    XL:     6   Next: 53%
Magic:  6/6        EV:  7    Int:  8    God:
Gold:   276        SH:  9    Dex: 10    Spells: 5/5 levels left

rFire    . . .     SeeInvis .   a - +0 war axe
rCold    . . .     Gourm    .   c - +0 shield
rNeg     . . .     Faith    .   b - +0 scale mail
rPois    .         Spirit   .   (no helmet)
rElec    .         Reflect  .   j - +0 cloak
rCorr    .         Harm     .   (no gloves)
MR       .....                  (no boots)
Stlth    ..........             (no amulet)
HPRegen  0.18/turn              (no ring)
MPRegen  0.10/turn              (no ring)

@: no status effects
A: no striking features
a: no special abilities


You were on level 4 of the Dungeon.
You were not hungry.

You visited 1 branch of the dungeon, and saw 4 of its levels.

You collected 276 gold pieces.

Inventory:

Hand Weapons
 a - a +0 war axe (weapon)
Armour
 b - a +0 scale mail (worn)
 c - a +0 shield (worn)
 j - a +0 cloak (worn)
Scrolls
 e - a scroll of fog {unknown}
 g - 2 scrolls of enchant weapon {unknown}
 h - 3 scrolls of identify {unknown}
 i - 4 scrolls of remove curse {unknown}
 n - 2 scrolls of teleportation {unknown}
 o - 2 scrolls of fear {unknown}
Potions
 d - a potion of might
 k - a potion of heal wounds {unknown}
 l - a potion of cancellation {unknown}
 m - a potion of curing {unknown}
 q - a potion of flight {unknown}
 r - a potion of lignification {unknown}
Comestibles
 f - 6 rations


   Skills:
 + Level 4.9 Fighting
 * Level 5.9 Axes
 + Level 4.5 Armour
 + Level 4.5 Shields


You had 5 spell levels left.
You didn't know any spells.
Your spell library was empty.

Dungeon Overview and Level Annotations

Branches:
Dungeon (4/15)
 Temple: D:4-7

Altars:
Ashenzari
Gozag
Nemelex Xobeh
Sif Muna
Trog

Annotations:
D:4 Menkaure


Message History

You hit Menkaure.
Menkaure is severely damaged.
Menkaure hits you!
You hit Menkaure but do no damage.
Menkaure is severely damaged.
Menkaure hits you but does no damage.
You hit Menkaure.
Menkaure is severely damaged.
Menkaure barely misses you.
You hit Menkaure.
Menkaure is severely damaged.
Menkaure hits you but does no damage.
You hit Menkaure.
Menkaure is almost destroyed.
Menkaure hits you!!
* * * LOW HITPOINT WARNING * * *
You barely miss Menkaure.
Menkaure is almost destroyed.
Menkaure hits you!
You die...

#.# #.# #.# ##
#.# #. #.# #.
#.# #. #.#
##.########.##
#..M@........#
#..########.##
#.% ### #..
#.. #.. ...
..#


You could see Menkaure.

Vanquished Creatures
  A jelly (D:3)
  2 orc priests (D:3)
  2 orc wizards (D:3)
  Robin (D:4)
  3 gnolls (D:3)
  6 adders
  A worm (D:3)
  3 dart slugs
  9 orcs
  2 giant cockroaches (D:3)
  13 goblins
  10 hobgoblins
  6 jackals
  6 kobolds
  A quokka (D:2)
  8 bats
  3 frilled lizards
  A leopard gecko skeleton (D:4)
  9 rats
  A fungus (D:2)
88 creatures vanquished.

Vanquished Creatures (others)
  4 toadstools (D:2)
4 creatures vanquished.

Grand Total: 92 creatures vanquished

Notes
Turn   | Place    | Note
-------+----------+-------------------------------------------
     0 | D:1      | TrebMcFLY the Hill Orc Fighter began the quest for the Orb.
     0 | D:1      | Reached XP level 1. HP: 19/19 MP: 1/1
   187 | D:1      | Reached skill level 3 in Axes
   210 | D:1      | Reached XP level 2. HP: 24/27 MP: 2/2
   832 | D:2      | Reached XP level 3. HP: 15/33 MP: 3/3
  1258 | D:2      | Found a faded altar of an unknown god.
  1429 | D:2      | Reached skill level 4 in Axes
  1429 | D:2      | Reached XP level 4. HP: 40/40 MP: 4/4
  1438 | D:2      | Found a deep blue altar of Sif Muna.
  1603 | D:2      | Found a bloodstained altar of Trog.
  1683 | D:2      | Found a shattered altar of Ashenzari.
  1998 | D:3      | Found an opulent altar of Gozag.
  2031 | D:3      | Reached XP level 5. HP: 47/47 MP: 5/5
  2410 | D:3      | Reached skill level 5 in Axes
  2729 | D:3      | Reached XP level 6. HP: 27/53 MP: 6/6
  3264 | D:4      | Found a sparkling altar of Nemelex Xobeh.
  3345 | D:4      | Noticed Robin
  3352 | D:4      | Killed Robin
  3501 | D:4      | Noticed Menkaure
  3515 | D:4      | Slain by Menkaure

Skill      XL: |  1  2  3  4  5 |
---------------+----------------+-----
Axes           | 3 4 5 |  5.9
Fighting       | 4 |  4.9
Armour         | 4 |  4.5
Shields        | 4 |  4.5

Action                   |  1- 3 |  4- 6 || total
-------------------------+-------+-------++-------
Melee: War axe           |   110 |   193 ||   303
  Eat: Chunk             |     2 |     7 ||     9
Armor: Scale mail        |    57 |    84 ||   141
Dodge: Dodged            |    43 |    58 ||   101
Block: Shield            |    70 |    92 ||   162
